 Dungeon Crawl Stone Soup version 0.29.1-1-gd02db6906a (webtiles) character file.

Game seed: 9878235425480900840

1197 Homeless the Basher (level 8, -5/74 HPs)
             Began as a Minotaur Berserker on Oct 20, 2022.
             Was a Priest of Trog.
             Slain by a gnoll
             ... wielding a +0 club
             ... led by a gnoll sergeant
              (6 damage)
             ... on level 5 of the Dungeon.
             The game lasted 00:10:58 (8659 turns).

Homeless the Basher (Minotaur Berserker)            Turns: 8659, Time: 00:10:59

Health: -5/74      AC:  8    Str: 23    XL:     8   Next: 20%
Magic:  7/7        EV:  8    Int:  4    God:    Trog [***...]
Gold:   273        SH:  0    Dex: 11    Spells: 7/7 levels left

rFire   . . .      SeeInvis .   a - +1 mace (spect)
rCold   . . .      Faith    .   (no shield)
rNeg    . . .      Spirit   .   o - +0 chain mail
rPois   .          Reflect  .   (helmet restricted)
rElec   .          Harm     .   (no cloak)
rCorr   .          Rampage  .   (no gloves)
Will    +....                   (no boots)
Stlth   ..........              (no amulet)
HPRegen 0.22/turn               l - ring of willpower
MPRegen 0.10/turn               (no ring)

@: brilliant, lethally poisoned (-5 -> -25)
A: horns 2, retaliatory headbutt
a: Renounce Religion, Berserk, Trog's Hand


You were on level 5 of the Dungeon.
You worshipped Trog.
Trog was most pleased with you.
You visited 1 branch of the dungeon, and saw 7 of its levels.

You collected 327 gold pieces.
You spent 54 gold pieces at shops.

Inventory:

Hand Weapons
 a - a +1 spectral mace (weapon)
 p - a +5 great sword
 q - a +0 trident
Missiles
 e - 14 poisoned darts
 f - 2 boomerangs
 g - 79 stones (quivered)
 m - 6 atropa-tipped darts
 t - 2 silver boomerangs
Armour
 o - a +0 chain mail (worn)
Jewellery
 h - a ring of protection from cold
 l - a ring of willpower (left hand)
Scrolls
 c - a scroll of fog
 d - 2 scrolls of teleportation
 i - 3 scrolls of magic mapping
 j - 2 scrolls of blinking
 r - a scroll of identify
 s - a scroll of fear
Potions
 k - 2 potions of might
 n - 3 potions of ambrosia


   Skills:
 * Level 8.0 Fighting
 - Level 10.1 Maces & Flails
 - Level 2.4 Armour
 - Level 2.1 Dodging


You had 7 spell levels left.
You didn't know any spells.
Your spell library was empty.

Dungeon Overview and Level Annotations

Branches:
Dungeon (7/15)             Temple (0/1) D:4

Altars:
Cheibriados
Hepliaklqana
Yredelemnul

Shops:
D:4 =([   D:6 *

Portals:
Ossuary: D:4


Innate Abilities, Weirdness & Mutations

You have a pair of horns on your head.
You reflexively headbutt those who attack you in melee.


Message History

You feel sick.
A worm comes into view.
Found a snail-covered altar of Cheibriados.
You feel sick.
You are no longer poisoned.
The gnoll barely misses you.
As you read the scroll of fear, it crumbles to dust.
You assume a fearsome visage.
The worm looks frightened!
The gnoll sergeant looks frightened!
The gnoll looks frightened!
Okay, then.
As you read the scroll of fog, it crumbles to dust.
The scroll dissolves into smoke.
The gnoll barely misses you.
The gnoll hits you from afar with a +0 halberd of venom.
You are poisoned.
You are too injured to fight recklessly!
You are too injured to fight recklessly!
You hit the gnoll. Your headbutt misses the gnoll.
The gnoll is moderately wounded.
You feel very sick. The gnoll hits you but does no damage.
The gnoll barely misses you.
You hit the gnoll. Your headbutt misses the gnoll.
The gnoll is moderately wounded.
You feel sick. The gnoll hits you but does no damage.
You are more poisoned.
The gnoll closely misses you. You furiously retaliate!
You headbutt the gnoll. You barely miss the gnoll.
Your headbutt misses the gnoll.
The gnoll is severely wounded.
* * * LOW HITPOINT WARNING * * *
You feel very sick. The gnoll hits you but does no damage.
The gnoll hits you from afar with a +0 halberd of venom!
* * * LOW HITPOINT WARNING * * *
You are more poisoned.
You barely miss the gnoll.
The gnoll is severely wounded.
* * * LOW HITPOINT WARNING * * *
You feel very sick. The gnoll barely misses you.
The gnoll hits you with a +0 club.
You die...

##................(.......#.
#..##..............#.........
### #.....#..#....#....#....#
##.##..####................
#..##.#> ##........###...#
####..###.####..............#
......# ##.§§§§..............
......##.##g###.g..#........
#........#@#.g..g###..#...
##......§g###.....# ##....
###^...g.§g## #.....# #..#
.......g#######g....## .#
.....w..####...........
###.....#.##.g..........
##......#......_......
#.....................
#.......g.............


You could see 3 gnolls.

Vanquished Creatures
  A sky beast (D:6)
  2 ice beasts (D:6)
  A bullfrog (D:6)
  A scorpion (D:5)
  4 wights (D:6)
  3 killer bees (D:7)
  A jelly (D:4)
  An orc priest (D:5)
  4 hounds
  2 iguanas
  2 orc wizards
  5 adders
  2 shadow imps
  4 white imps
  An adder zombie (D:3)
  10 orcs
  3 ball pythons
  8 endoplasms
  2 giant cockroaches
  5 goblins
  9 hobgoblins
  4 jackals (D:1)
  3 quokkas
  4 bats
  4 frilled lizards
  A giant cockroach zombie (D:3)
  7 kobolds
  2 rats (D:2)
96 creatures vanquished.

Notes
Turn   | Place    | Note
-------+----------+-------------------------------------------
     0 | D:1      | Homeless the Minotaur Berserker began the quest for the
                  | Orb.
     0 | D:1      | Reached XP level 1. HP: 19/19 MP: 0/0
   101 | D:1      | Reached skill level 4 in Maces & Flails
   232 | D:1      | Reached XP level 2. HP: 26/26 MP: 1/1
   979 | D:1      | Reached ** piety under Trog
   980 | D:1      | Reached skill level 5 in Maces & Flails
  1050 | D:1      | Reached XP level 3. HP: 31/31 MP: 2/2
  1975 | D:2      | Found a faded altar of an unknown god.
  2696 | D:2      | Reached skill level 6 in Maces & Flails
  2696 | D:2      | Reached XP level 4. HP: 30/39 MP: 3/3
  4066 | D:3      | Found a hazy altar of Hepliaklqana.
  5002 | D:3      | Found a basalt altar of Yredelemnul.
  5347 | D:4      | Found Qame's Jewellery Shop.
  5410 | D:4      | Reached skill level 7 in Maces & Flails
  5410 | D:4      | Reached XP level 5. HP: 45/45 MP: 4/4
  5464 | D:4      | Found Wagroup's Weapon Shoppe.
  5474 | D:4      | Found Voneoxuph's Armour Shoppe.
  5492 | D:4      | Found a staircase to the Ecumenical Temple.
  5520 | D:4      | Found a sand-covered staircase.
  5534 | D:4      | You fall into a shaft and drop 3 floors!
  5663 | D:7      | Reached skill level 8 in Maces & Flails
  5665 | D:7      | Reached XP level 6. HP: 21/51 MP: 5/5
  6217 | D:6      | Reached skill level 9 in Maces & Flails
  7168 | D:6      | Found Olyex's General Store.
  7277 | D:6      | Bought a +0 chain mail for 54 gold pieces
  7337 | D:6      | Noticed an ice beast
  7344 | D:6      | Killed an ice beast
  7345 | D:6      | Reached XP level 7. HP: 57/57 MP: 6/6
  7482 | D:6      | Reached skill level 10 in Maces & Flails
  7549 | D:6      | Reached skill level 5 in Fighting
  7961 | D:6      | Reached XP level 8. HP: 71/71 MP: 7/7
  8268 | D:5      | Entered Level 5 of the Dungeon
  8583 | D:5      | Reached *** piety under Trog
  8625 | D:5      | Found a snail-covered altar of Cheibriados.
  8659 | D:5      | HP: 1/74 [poisoned by a gnoll]
  8659 | D:5      | Slain by a gnoll

Illustrated notes

Levels and vault maps discovered:
D:1:      lemuel_arrival_funnel, layout_loops_corners
D:2:      layout_basic, ebering_ecumenical_altar_petrified
D:3:      layout_basic, mainiacjoe_overflow_cross_hatched,
          lemuel_zombie_altar_yredelemnul
D:4:      layout_cave_pools, minitemple, minmay_temple_entry_drinking_statues,
          enter_ossuary_3, serial_shops, shop, nicolae_shop_stone, shop,
          nicolae_shop_crystal, nicolae_shop_window_shopping
D:5:      layout_layer_cave, overflow_temple_1_default,
          nicolae_overflow_two_pavilions, lemuel_crystal_altar, slow_altar_1
D:6:      layout_cave_pods, serial_shops, nicolae_shop_hallway_stairs,
          minmay_misc_feat_chi
D:7:      layout_basic, kennysheep_generic_room_2, uniq_crazy_yiuf_cottage,
          uniq_joseph

Skill      XL: |  1  2  3  4  5  6  7  8 |
---------------+-------------------------+-----
Maces & Flails | 4 5 6 7 8 9 10 | 10.1
Fighting       | 6 8 |  8.0
Armour         | |  2.4
Dodging        | |  2.1

Action                   |  1- 3 |  4- 6 |  7- 9 || total
-------------------------+-------+-------+-------++-------
Melee: Mace              |    92 |    74 |    50 ||   216
       Headbutt          |     9 |    13 |     7 ||    29
       Punch             |     1 |       |       ||     1
Invok: Berserk           |     1 |     3 |     1 ||     5
  Use: Scroll            |     4 |    11 |     2 ||    17
       Potion            |     3 |     3 |     1 ||     7
 Stab: Sleeping          |       |     1 |       ||     1
       Distracted        |       |     1 |       ||     1
Armor: Animal skin       |    22 |    10 |       ||    32
       Chain mail        |       |     1 |    18 ||    19
Dodge: Dodged            |    59 |    48 |    14 ||   121
